 Dungeon Crawl Stone Soup version 0.22-a0-379-ga9d99d6 (webtiles) character file.

20784 b5mith the Blocker (level 12, -2/116 HPs)
             Began as a Minotaur Berserker on Apr 28, 2018.
             Was a High Priest of Trog.
             Shot with an arrow by a centaur warrior (12 damage)
             ... on level 13 of the Dungeon.
             The game lasted 00:32:57 (12666 turns).

b5mith the Blocker (Minotaur Berserker)            Turns: 12666, Time: 00:32:57

Health: -2/116     AC: 11    Str: 26    XL:     12   Next: 48%
Magic:  11/11      EV: 12    Int:  2    God:    Trog [*****.]
Gold:   940        SH: 15    Dex: 22    Spells: 11/11 levels left

rFire    . . .     SeeInvis .   a - +10 mace of Kacyiciaf {flame, rPois rN+++ Int-2 Dex+4}
rCold    . . .     Gourm    .   j - +0 shield
rNeg     + + +     Faith    .   s - +3 ring mail of Mezcal {+Fly rPois rN+}
rPois    +         Spirit   .   (helmet restricted)
rElec    .         Reflect  .   K - +0 cloak
rCorr    .         Harm     .   U - +0 pair of gloves
MR       .....                  F - +0 pair of boots
Stlth    +.........             (no amulet)
HPRegen  0.29/turn              V - +4 ring of dexterity
MPRegen  0.12/turn              B - +3 ring of dexterity

@: berserk cooldown, slowed, very slow
A: retaliatory headbutt, horns 2
a: Berserk, Trog's Hand, Brothers in Arms, Renounce Religion, Evoke Flight


You were on level 13 of the Dungeon.
You worshipped Trog.
Trog was extremely pleased with you.
You were near starving.

You visited 1 branch of the dungeon, and saw 13 of its levels.

You collected 940 gold pieces.

Inventory:

Hand Weapons
 a - the +10 mace of Kacyiciaf (weapon) {flame, rPois rN+++ Int-2 Dex+4}
   (You found it on level 6 of the Dungeon)

   It has been specially enchanted to burn those struck by it, causing extra
   injury to most foes and up to half again as much damage against particularly
   susceptible opponents.
   It affects your intelligence (-2).
   It affects your dexterity (+4).
   It protects you from poison.
   It renders you almost immune to negative energy.
 b - a +2 hand crossbow of freezing
   (Trog gifted it to you on level 8 of the Dungeon)
 v - a +4 short sword
   (You took it off a kobold on level 1 of the Dungeon)
Missiles
 h - 4 exploding tomahawks (quivered)
 O - 7 tomahawks
Armour
 j - a +0 shield (worn)
   (You found it on level 2 of the Dungeon)
 s - the +3 ring mail of Mezcal (worn) {+Fly rPois rN+}
   (You found it on level 11 of the Dungeon)

   It protects you from poison.
   It protects you from negative energy.
   It lets you fly.
 F - a +0 pair of boots (worn)
   (You found it on level 6 of the Dungeon)
 K - a +0 cloak (worn)
   (You took it off Maurice on level 8 of the Dungeon)
 U - a +0 pair of gloves (worn)
   (You found it on level 10 of the Dungeon)
Jewellery
 B - a +3 ring of dexterity (right hand)
   (You took it off an orc on level 6 of the Dungeon)
 J - an uncursed ring of flight
   (You found it on level 7 of the Dungeon)
 S - an uncursed ring of magical power {unknown}
   (You found it on level 9 of the Dungeon)
 V - a +4 ring of dexterity (left hand)
   (You took it off a crimson imp on level 10 of the Dungeon)
 X - a cursed -2 ring of strength {unknown}
   (You found it on level 10 of the Dungeon)
Wands
 q - a wand of flame (35)
   (You found it on level 6 of the Dungeon)
 A - a wand of digging (14)
   (You took it off Sigmund on level 5 of the Dungeon)
 E - a wand of clouds (6)
   (You found it on level 6 of the Dungeon)
 I - a wand of disintegration (11)
   (You found it on level 7 of the Dungeon)
 M - a wand of polymorph (22)
   (You took it off Maurice on level 8 of the Dungeon)
 Z - a wand of random effects (14)
   (You took it off a centaur on level 10 of the Dungeon)
Scrolls
 d - 6 scrolls of remove curse {@r2}
 e - a scroll of enchant armour {unknown}
 f - 6 scrolls of identify {@r1}
 i - 5 scrolls of immolation
 l - a scroll of amnesia {unknown}
 m - a scroll of magic mapping {unknown}
 o - 2 scrolls of noise {unknown}
 p - a scroll of fog {unknown}
 r - 5 scrolls of teleportation
 t - 4 scrolls of blinking
 x - a scroll of torment {unknown}
 Q - a scroll of fear {unknown}
 W - a scroll of vulnerability {unknown}
Potions
 g - 2 potions of might
 k - 2 potions of haste
 n - a potion of lignification {unknown}
 u - 3 potions of brilliance
 w - 2 potions of flight
 G - a potion of agility {unknown}
 H - 3 potions of curing {@q1}
 N - a potion of berserk rage {unknown}
 P - a potion of invisibility {unknown}
 Y - a potion of heal wounds {unknown}
Comestibles
 c - 26 rations
 z - 4 chunks of flesh


   Skills:
 + Level 13.8 Fighting
 - Level 1.6 Short Blades
 + Level 13.7 Maces & Flails
 - Level 2.4 Armour
 - Level 2.1 Dodging
 + Level 14.8 Shields


You had 11 spell levels left.
You didn't know any spells.

Dungeon Overview and Level Annotations

Branches:
Dungeon (13/15)            Temple (0/1) D:6            Lair (0/6) D:11
    Orc (0/2) D:11
 Vaults: D:13-14

Altars:
Cheibriados
Makhleb
Nemelex Xobeh
Okawaru
Qazlal
Trog
Wu Jian
Zin

Shops:
D:9 ?   D:13 :

Portals:
Trove: D:11 (show slimy rune of Zot)


Innate Abilities, Weirdness & Mutations

You reflexively headbutt those who attack you in melee.
You have a pair of horns on your head.


Message History

The worker ant moves out of view.
The boggart gestures wildly while chanting.
A boggart comes into view.
You sock the two-headed ogre! You burn the two-headed ogre.
You headbutt the two-headed ogre!
The two-headed ogre is severely wounded.
The big kobold hits you with a whip.
* * * LOW HITPOINT WARNING * * *
You bludgeon the two-headed ogre!! You burn the two-headed ogre.
You kill the two-headed ogre!
Trog accepts your kill.
The boggart moves out of view.
You closely miss the kobold. The big kobold hits you with a whip.
* * * LOW HITPOINT WARNING * * *
The kobold barely misses you. You furiously retaliate!
You headbutt the kobold!
You kill the kobold!
Trog accepts your kill.
A bullfrog comes into view.
The bullfrog croaks.
The boggart hits you but does no damage.
The big kobold throws a stone.
You block the stone.
There is an open door, spattered with blood here.
Items here: ( ))) a stone; a dagger; a giant spiked club x2
You feel a strong urge to attack something.
You are no longer berserk.
You are exhausted.
You feel yourself slow down.
The boggart gestures wildly while chanting.
The boggart flickers and vanishes!
Deactivating autopickup; reactivate with Ctrl-A.
Things that are here:
an enchanted dagger; a robe; a kobold corpse The big kobold hits you but does no damage.
You block the big kobold's attack.
Items here: (( ))) [[ †† The centaur warrior wields a runed shortbow.
The centaur warrior shoots an arrow.
You block the arrow.
The big kobold throws a stone.
You block the stone.
You see here 2 stones.
You are near starving!
The centaur warrior shoots an arrow.
The arrow hits you!
* * * LOW HITPOINT WARNING * * *
x2 You see here 3 arrows.
The centaur warrior shoots an arrow.
You block the arrow.
The centaur warrior shoots an arrow.
You block the arrow.
You see here 4 arrows.
The centaur warrior shoots an arrow.
You block the arrow.
The centaur warrior shoots an arrow.
The arrow hits you!
You die...

#.# ###'### #+###
#.l...#.....# #####.#.#
###.....#.⌠.⌠.# .......+
.'F.y.('..8..' # #......#
#caKKy#.⌠.⌠.# # #......#
#o.(.o# ..$.# #
#....<.###+#####9#####'### #
#........(@(((ccK........ #
#.........#####K#######.##
#######..)......#####.#######
...........(.................
.#######.######..............
.# #.# #.............. .# #.#
#.............. .# #.#
#.............. .# #.#
#..............


You could see 2 centaur warriors, a gargoyle, a big kobold and a kobold.

Vanquished Creatures
  A hydra (D:13)
  A centaur warrior (D:13)
  8 two-headed ogres
  An oklob plant (D:11)
  A deep elf mage (D:13)
  2 cyclopes
  2 ugly things
  Maurice (D:8)
  A manticore (D:11)
  Joseph (D:8)
  Psyche (D:12)
  An eye of devastation (shapeshifter) (D:13)
  3 kobold demonologists (D:13)
  A centaur skeleton (D:11)
  The ghost of Lauza27 the Cudgeler, an amateur MiFi (D:4)
  3 hornets
  2 trolls
  4 slime creatures (D:9)
  A shadow (D:11)
  Sigmund (D:5)
  A wyvern (D:12)
  Eustachio (D:5)
  A hungry ghost (D:11)
  An acid dragon (shapeshifter) (D:13)
  A soldier ant (D:8)
  4 orc warriors
  5 sky beasts
  8 phantoms
  A necrophage (D:7)
  4 ice beasts
  7 ogres
  5 centaurs
  A big kobold (D:10)
  6 bullfrogs
  4 scorpions
  16 wights
  4 howler monkeys
  4 crimson imps
  4 centaur zombies
  5 hounds
  6 orc priests
  15 orc wizards
  3 jellies
  2 bullfrog skeletons
  An iguana (D:4)
  3 worker ants
  A hound zombie (D:8)
  A hound skeleton (D:4)
  17 adders
  5 gnolls
  4 shadow imps
  2 adder skeletons (D:4)
  2 worms (D:4)
  A dart slug (D:3)
  7 leopard geckos
  66 orcs
  4 bats
  4 giant cockroaches
  13 goblins
  13 hobgoblins
  16 jackals
  2 quokkas
  9 frilled lizards
  23 kobolds
  7 rats
347 creatures vanquished.

Notes
Turn   | Place    | Note
-------+----------+-------------------------------------------
     0 | D:1      | b5mith the Minotaur Berserker began the quest for the Orb.
     0 | D:1      | Reached XP level 1. HP: 19/19 MP: 0/0
   168 | D:1      | Reached XP level 2. HP: 12/27 MP: 1/1
   528 | D:1      | Reached skill level 1 in Short Blades
   974 | D:2      | Reached ** piety under Trog
   974 | D:2      | Reached XP level 3. HP: 29/33 MP: 2/2
  1012 | D:2      | Found a sparkling altar of Nemelex Xobeh.
  1254 | D:2      | Reached skill level 1 in Shields
  1364 | D:3      | Found an ornate altar of the Wu Jian Council.
  1364 | D:3      | Found an iron altar of Okawaru.
  1592 | D:3      | Reached XP level 4. HP: 25/41 MP: 3/3
  1962 | D:3      | Reached skill level 2 in Shields
  2166 | D:3      | Reached XP level 5. HP: 15/47 MP: 4/4
  2442 | D:3      | Reached skill level 3 in Shields
  2878 | D:4      | Reached skill level 5 in Fighting
  2887 | D:4      | Noticed Lauza27's ghost (amateur MiFi)
  2906 | D:4      | Killed Lauza27's ghost
  2906 | D:4      | Reached skill level 5 in Maces & Flails
  2906 | D:4      | Reached skill level 4 in Shields
  2906 | D:4      | Reached XP level 6. HP: 35/56 MP: 5/5
  3135 | D:4      | Reached skill level 5 in Shields
  3242 | D:4      | Reached *** piety under Trog
  3455 | D:4      | Reached XP level 7. HP: 53/62 MP: 6/6
  3543 | D:4      | Reached skill level 6 in Shields
  4182 | D:4      | Reached skill level 7 in Shields
  4189 | D:4      | Reached XP level 8. HP: 63/71 MP: 7/7
  4220 | D:5      | Entered Level 5 of the Dungeon
  4251 | D:5      | Reached **** piety under Trog
  4452 | D:5      | Reached skill level 8 in Shields
  4808 | D:5      | Noticed Eustachio
  4819 | D:5      | Killed Eustachio
  4819 | D:5      | Reached skill level 9 in Shields
  4954 | D:5      | Noticed Sigmund
  4967 | D:5      | Killed Sigmund
  4967 | D:5      | Reached XP level 9. HP: 81/81 MP: 8/8
  5195 | D:6      | Paralysed by a hornet for 3 turns
  5531 | D:6      | Found a burning altar of Makhleb.
  5536 | D:6      | Found a glowing silver altar of Zin.
  5536 | D:6      | Noticed an angel
  5536 | D:6      | Noticed a balrug
  5570 | D:6      | Reached ***** piety under Trog
  5574 | D:6      | Reached skill level 10 in Shields
  5676 | D:6      | Found a snail-covered altar of Cheibriados.
  5826 | D:6      | Found a staircase to the Ecumenical Temple.
  5836 | D:6      | Got a slimy mace
  5837 | D:6      | Identified the +10 mace of Kacyiciaf {flame, rPois rN+++ Int-2 Dex+4} (You found it on level 6 of the Dungeon)
  6772 | D:8      | Noticed a two-headed ogre
  6773 | D:8      | Noticed Joseph
  6785 | D:8      | Killed Joseph
  6785 | D:8      | Reached skill level 11 in Shields
  6787 | D:8      | Killed a two-headed ogre
  6787 | D:8      | Reached XP level 10. HP: 62/93 MP: 9/9
  6800 | D:8      | Received a gift from Trog
  7206 | D:8      | Reached skill level 10 in Fighting
  7210 | D:8      | Reached skill level 10 in Maces & Flails
  7219 | D:8      | Noticed Maurice
  7478 | D:8      | Killed Maurice
  7558 | D:8      | Paralysed by a hornet for 2 turns
  7788 | D:8      | Reached skill level 12 in Shields
  7855 | D:8      | Found a bloodstained altar of Trog.
  8507 | D:9      | Found Kuede's Magic Scroll Boutique.
  9001 | D:10     | Entered Level 10 of the Dungeon
  9007 | D:10     | Noticed a two-headed ogre
  9008 | D:10     | Got a brightly glowing robe
  9015 | D:10     | Killed a two-headed ogre
  9015 | D:10     | Reached XP level 11. HP: 102/102 MP: 10/10
  9057 | D:10     | Noticed a two-headed ogre
  9067 | D:10     | Killed a two-headed ogre
  9117 | D:10     | Received a gift from Trog
  9157 | D:10     | Reached skill level 13 in Shields
  9963 | D:11     | Found a staircase to the Orcish Mines.
  9963 | D:11     | Noticed a two-headed ogre
  9963 | D:11     | Noticed a two-headed ogre
  9972 | D:10     | Killed a two-headed ogre
 10167 | D:10     | Killed a two-headed ogre
 10426 | D:11     | Noticed a purple ugly thing
 10447 | D:10     | Killed a purple ugly thing
 10634 | D:11     | Got an ichor-stained ring mail
 10645 | D:11     | Identified the +3 ring mail of Mezcal {+Fly rPois rN+} (You found it on level 11 of the Dungeon)
 10667 | D:11     | Noticed a purple ugly thing
 10679 | D:11     | Killed a purple ugly thing
 10783 | D:11     | Found a staircase to the Lair.
 10808 | D:11     | Noticed an oklob plant
 10815 | D:11     | Found a stormy altar of Qazlal.
 10832 | D:11     | Killed an oklob plant
 11212 | D:11     | Noticed a two-headed ogre
 11219 | D:11     | Killed a two-headed ogre
 11219 | D:11     | Reached skill level 14 in Shields
 11412 | D:11     | Found a portal to a secret trove of treasure.
 11528 | D:12     | Reached XP level 12. HP: 115/115 MP: 11/11
 11529 | D:12     | Noticed a two-headed ogre
 11537 | D:12     | Killed a two-headed ogre
 12015 | D:12     | Noticed Psyche
 12018 | D:12     | Killed Psyche
 12507 | D:13     | Found Nuun's Book Shop.
 12546 | D:13     | Received a gift from Trog
 12594 | D:13     | Noticed a centaur warrior
 12594 | D:13     | Noticed a centaur warrior
 12595 | D:13     | Noticed a seven-headed hydra
 12608 | D:13     | Noticed a centaur warrior
 12616 | D:13     | Killed a centaur warrior
 12633 | D:13     | Noticed a two-headed ogre
 12641 | D:13     | a two-headed ogre changed into an eye of devastation
 12644 | D:13     | Killed a seven-headed hydra
 12648 | D:13     | Noticed a two-headed ogre
 12658 | D:13     | Killed a two-headed ogre
 12666 | D:13     | Shot with an arrow by a centaur warrior

Vault maps used:
D:1:      lightli_arrival_isolated_outpost, minmay_pentomino_t4
D:2:      nemelex_altar_shiori
D:3:      chequers_temple_overflow_statue_of_worship
D:4:      corexii_shantytown, first_ration
D:5:      uniq_eustachio, uniq_sigmund
D:6:      grunt_temple_overflow_order_and_chaos_2,
          minmay_temple_entry_statues_pillars, basic_altar
D:8:      hangedman_pestilent_swarm, hangedman_decor_diamond_cutter, trog_book,
          uniq_maurice, uniq_joseph
D:9:      kennysheep_spiral_hall, serial_shops, shop_fountains
D:11:     lair_entry_dummy, orc_0_dummy, enter_trove_6, lemuel_oklob_altar
D:12:     kennysheep_generic_room_16, uniq_psyche
D:13:     minmay_the_grid_square_5x5_4x4, serial_shops, shop

Skill      XL: |  1  2  3  4  5  6  7  8  9 10 11 12 |
---------------+-------------------------------------+-----
Fighting       | 4 5 6 8 9 11 13 | 13.8
Maces & Flails | 4 5 6 7 9 11 12 13 | 13.7
Short Blades   | 1 |  1.6
Shields        | 1 2 4 5 7 9 11 12 14 | 14.8
Armour         | |  2.4
Dodging        | |  2.1

Action                   |  1- 3 |  4- 6 |  7- 9 | 10-12 || total
-------------------------+-------+-------+-------+-------++-------
Melee: Mace              |    14 |       |    43 |   430 ||   487
       Headbutt          |    12 |    20 |    45 |   125 ||   202
       Short sword       |    67 |   133 |    32 |       ||   232
       Flail             |       |       |   172 |       ||   172
       Unarmed           |       |       |       |    16 ||    16
Throw: Tomahawk          |       |       |       |    12 ||    12
       Throwing net      |       |       |       |     1 ||     1
Invok: Berserk           |       |     2 |     2 |     4 ||     8
  Use: Scroll            |       |       |     6 |     5 ||    11
  Eat: Chunk             |     2 |     5 |    10 |    18 ||    35
       Ration            |       |     1 |       |     2 ||     3
Armor: Animal skin       |     9 |     6 |       |       ||    15
       Chain mail        |       |    19 |    61 |    52 ||   132
       Skin              |       |       |       |     2 ||     2
       Ring mail         |       |       |       |    33 ||    33
Dodge: Dodged            |    38 |    32 |    43 |    92 ||   205
Block: Shield            |    12 |    38 |   121 |   256 ||   427

Table legend:
 A = Spawn XP
 B = Non-spawn XP
 C = Spawn XP percentage of total XP
 D = Spawn monster count
 E = Non-spawn monster count
 F = Spawn count percentage of total count
 G = Total turns spent on level
                    A         B        C        D         E        F      G
               +---------+---------+-------+---------+---------+-------+---------
         Total |       0 |   29692 |   0.0 |       0 |     347 |   0.0 | 12666
               +---------+---------+-------+---------+---------+-------+---------
           D:1 |       0 |      32 |   0.0 |       0 |      20 |   0.0 |   766
           D:2 |       0 |      34 |   0.0 |       0 |      13 |   0.0 |   592
           D:3 |       0 |     166 |   0.0 |       0 |      26 |   0.0 |  1549
           D:4 |       0 |    1214 |   0.0 |       0 |      63 |   0.0 |  1378
           D:5 |       0 |    1361 |   0.0 |       0 |      32 |   0.0 |   903
           D:6 |       0 |     694 |   0.0 |       0 |      21 |   0.0 |   936
           D:7 |       0 |     916 |   0.0 |       0 |      12 |   0.0 |   807
           D:8 |       0 |    3790 |   0.0 |       0 |      37 |   0.0 |  1359
           D:9 |       0 |    2561 |   0.0 |       0 |      28 |   0.0 |   966
          D:10 |       0 |    6874 |   0.0 |       0 |      43 |   0.0 |  1326
          D:11 |       0 |    4141 |   0.0 |       0 |      24 |   0.0 |   878
          D:12 |       0 |    2656 |   0.0 |       0 |      14 |   0.0 |  1016
          D:13 |       0 |    5253 |   0.0 |       0 |      14 |   0.0 |   190
               +---------+---------+-------+---------+---------+-------+---------
